 Dungeon Crawl Stone Soup version 0.19-a0-705-gc8e9a4c (webtiles) character file.

33 Magifyre the Firebug (level 3, -1/19 HPs)
             Began as a Deep Elf Fire Elementalist on June 19, 2016.
             Slain by an orc
             ... wielding a +0 dagger
              (3 damage)
             ... on level 2 of the Dungeon.
             The game lasted 00:09:39 (1609 turns).

Magifyre the Firebug (Deep Elf Fire Elementalist)   Turns: 1609, Time: 00:09:40

Health: -1/19      AC:  3    Str:  5    XL:     3   Next: 12%
Magic:  8/10       EV: 13    Int: 20    God:
Gold:   84         SH:  0    Dex: 15    Spells: 2 memorised, 6 levels left

rFire  . . .     SeeInvis .     p - +1 whip (venom)
rCold  + . .     Gourm    .     a - +0 robe
rNeg   . . .     Faith    .     (no shield)
rPois  .         Spirit   .     (no helmet)
rElec  .         Dismiss  .     (no cloak)
rCorr  .         Reflect  .     g - +0 pair of gloves
SustAt .         Harm     .     (no boots)
MR     .....                    (no amulet)
Stlth  ++........               (no ring)
                                h - ring of protection from cold

@: drained, not resistant to hostile enchantments, unstealthy
A: no striking features
a: no special abilities


You were on level 2 of the Dungeon.
You were very hungry.

You visited 1 branch of the dungeon, and saw 3 of its levels.

You collected 84 gold pieces.

Inventory:

Hand Weapons
 p - a +1 whip of venom (weapon)
Missiles
 f - 16 poisoned needles
Armour
 a - a +0 robe (worn)
 g - a +0 pair of gloves (worn)
Jewellery
 h - a ring of protection from cold (left hand)
 m - an uncursed amulet of regeneration {unknown}
 q - an uncursed ring of wizardry {unknown}
Scrolls
 j - 2 scrolls of fog {unknown}
 k - a scroll of remove curse {unknown}
 l - a scroll of immolation {unknown}
 o - a scroll of identify {unknown}
Potions
 d - a potion of lignification {unknown}
 e - a potion of degeneration {unknown}
Books
 b - a book of Flames

   Spells                             Type                      Level
   a - Flame Tongue                   Conjuration/Fire             1
   b - Throw Flame                    Conjuration/Fire             2
   c - Conjure Flame                  Conjuration/Fire             3
   d - Inner Flame                    Hexes/Fire                   3
   e - Sticky Flame                   Conjuration/Fire             4
   f - Fireball                       Conjuration/Fire             5
Comestibles
 c - 3 bread rations
 i - a meat ration
 n - a royal jelly


   Skills:
 - Level 2.4(2.2) Dodging
 - Level 2.4(2.2) Stealth
 + Level 3.5(3.2) Spellcasting
 * Level 2.5(2.3) Conjurations
 + Level 3.6(3.4) Fire Magic


You had 6 spell levels left.
You knew the following spells:

 Your Spells              Type           Power        Failure   Level  Hunger
a - Flame Tongue          Conj/Fire      ##...        4%          1    None
b - Throw Flame           Conj/Fire      ##....       10%         2    ##.....


Dungeon Overview and Level Annotations

Branches:
Dungeon (3/15)

Altars:
Makhleb

Annotations:
D:3 Guenter's ghost, amateur FoFi; Jessica


Message History

The orc hits you with a dagger.
Jessica shouts, "You are a ghastly nuisance!"
Jessica hits you but does no damage.
You feel drained.
Jessica zaps a wand.
The puff of flame hits you!
* * * LOW HITPOINT WARNING * * *
Jessica gestures wildly while chanting.
Jessica blinks!
An orc comes into view.
The orc shouts!
There is a stone staircase leading up here.
The orc hits you but does no damage.
You climb upwards.
There is a stone staircase leading down here.
Casting: Throw Flame
Confirm with . or Enter, or press ? or * to list all spells.
Aiming: Flame Tongue
Press: ? - help, Shift-Dir - straight line, f - orc
Aim: an orc, wielding a dagger The flame tongue misses the orc.
The orc hits you with a dagger.
You die...

....##........########..........#
.......######...................#
#.#.#### ##########..........#
#.#.# #..........# #.#.########
##### ##.........# ..#......<.#
#...###.(......... ##########.#
#............##### # #.#
#...####.##### #.# #@.## #.# #.#
#o.# ##.## #.# #..# ##.#.########
#.# #..# #.###........ #.# #..#
##.#.######## #.# #..#
##.######### #.#
#..#########...... #.#
##............####. #.#
#...########..# #.


You could see an orc.

Vanquished Creatures
  2 dart slugs (D:1)
  A giant gecko (D:2)
  3 goblins
  5 hobgoblins (D:1)
  4 jackals
  4 kobolds
  2 bats
  2 giant newts (D:2)
  4 rats (D:1)
27 creatures vanquished.

Notes
Turn   | Place    | Note
--------------------------------------------------------------
     0 | D:1      | Magifyre the Deep Elf Fire Elementalist began the quest for the Orb.
     0 | D:1      | Reached XP level 1. HP: 10/10 MP: 6/6
   208 | D:1      | Reached XP level 2. HP: 15/15 MP: 5/8
   212 | D:1      | Learned a level 2 spell: Throw Flame
   869 | D:2      | Found a burning altar of Makhleb.
   931 | D:2      | Reached XP level 3. HP: 18/19 MP: 7/10
  1539 | D:3      | Noticed Guenter's ghost (amateur FoFi)
  1596 | D:3      | Noticed Jessica
  1609 | D:2      | Slain by an orc

Vault maps used:
D:1:      roderic_crop_circles_arrival_small
D:2:      bloody_makhleb, first_bread
D:3:      old_standard_altar, old_standard_altar, uniq_terence, uniq_jessica

Skill      XL: |  1  2 |
---------------+-------+-----
Conjurations   | 2 |  2.5
Dodging        | |  2.4
Stealth        | |  2.4
Spellcasting   | |  3.5
Fire Magic     | |  3.6

Action                   || total
-------------------------++-------
Melee: Unarmed           ||     6
 Cast: Flame Tongue      ||    32
       Throw Flame       ||    16
  Eat: Chunk             ||     1
Armor: Robe              ||     3
Dodge: Dodged            ||     3
